 Dungeon Crawl Stone Soup version 0.29.1 (webtiles) character file.

Game seed: 11389259160994368135

125 raistware the Conjurer (level 5, 0/33 HPs)
             Began as an Octopode Conjurer on Sept 12, 2022.
             Slain by an orc
             ... wielding a +0 hand axe
              (4 damage)
             ... on level 3 of the Dungeon.
             The game lasted 00:05:08 (2713 turns).

raistware the Conjurer (Octopode Conjurer)          Turns: 2713, Time: 00:05:09

Health: 0/33       AC:  1    Str:  6    XL:     5   Next: 9%
Magic:  3/11       EV: 13    Int: 22    God:
Gold:   125        SH:  0    Dex: 11    Spells: 4/12 levels left

rFire   . . .      SeeInvis .   p - staff of air
rCold   . . .      Faith    .   (no shield)
rNeg    . . .      Spirit   .   (helmet restricted)
rPois   .          Reflect  .   (no amulet)
rElec   +          Harm     .   l - ring of willpower
rCorr   .          Rampage  .   (no ring)
Will    +....                   (no ring)
Stlth   +++.......              (no ring)
HPRegen 0.11/turn               (no ring)
MPRegen 0.12/turn               (no ring)
                                (no ring)
                                (no ring)

@: very slightly contaminated
A: almost no armour, amphibious, 8 rings, camouflage 1, gelatinous body 1,
(nimble swimmer 1), tentacles
a: no special abilities


You were on level 3 of the Dungeon.
You visited 1 branch of the dungeon, and saw 3 of its levels.

You collected 143 gold pieces.
You spent 18 gold pieces at shops.

Inventory:

Hand Weapons
 g - a +0 quarterstaff
Magical Staves
 p - a staff of air (weapon)
Jewellery
 l - a ring of willpower (left tentacle)
Scrolls
 b - 3 scrolls of identify
 d - a scroll of teleportation {unknown}
 e - a scroll of enchant weapon {unknown}
 f - a scroll of summoning {unknown}
 h - 3 scrolls of fear {unknown}
 k - a scroll of vulnerability {unknown}
 n - a scroll of brand weapon {unknown}
 q - a scroll of silence {unknown}
 s - a scroll of noise {unknown}
Potions
 a - 2 potions of magic
 c - 2 potions of brilliance {unknown}
 j - a potion of attraction {unknown}
 m - a potion of mutation {unknown}
 o - a potion of invisibility {unknown}
 r - 2 potions of curing {unknown}


   Skills:
 + Level 1.0 Fighting
 - Level 2.0 Dodging
 - Level 3.0 Stealth
 - Level 4.0 Spellcasting
 - Level 4.0 Conjurations
 - Level 2.0 Translocations


You had 4 spell levels left.
You knew the following spells:

 Your Spells              Type           Power      Damage    Failure   Level
a - Magic Dart            Conj           88%        1d7       2%          1
b - Iskenderun's Mystic   Conj/Tloc      17%        2d5       32%         4
c - Stone Arrow           Conj/Erth      26%        3d8       14%         3

Your spell library contained the following spells:

 Spells                   Type           Power      Damage    Failure   Level
 Searing Ray              Conj           44%        2d6       3%          2
 Sandblast                Erth           8%         2d5       11%         1
 Dazzling Flash           Conj/Hex       26%        N/A       14%         3
 Passwall                 Tmut/Erth      3%         N/A       17%         2
 Fulminant Prism          Conj/Hex       6%         3d7       43%         4


Dungeon Overview and Level Annotations

Branches:
Dungeon (3/15)

Altars:
The Shining One

Shops:
D:1 *

Annotations:
D:3 1 runed translucent door, Crazy Yiuf


Innate Abilities, Weirdness & Mutations

You cannot wear most types of armour.
You are amphibious.
You can wear up to eight rings at the same time.
Your skin changes colour to match your surroundings (Stealth+).
Your rubbery body absorbs attacks. (AC +1, EV +1)
((You are camouflaged when in or above water. (Stealth+)))
You have tentacles for arms and can constrict up to eight enemies at once.


Message History

You hit the orc but do no damage. You grab the orc.
You squeeze the orc, but do no damage. You constrict the orc.
The orc hits you with a +0 dagger.
You hit the orc but do no damage.
The orc is lightly wounded.
You constrict the orc. The orc hits you with a +0 dagger.
You hit the orc but do no damage.
The orc is heavily wounded.
You constrict the orc, but do no damage.
The orc barely misses you.
The orc struggles to escape constriction.
An endoplasm comes into view.
The endoplasm quivers.
You hit the orc but do no damage.
The orc is heavily wounded.
You constrict the orc.
You kill the orc!
Your Fighting skill increases to level 1!
Casting: Magic Dart (safe; 2% risk of failure)
Confirm with . or Enter, or press ? or * to list all spells.
The spell is extremely dangerous to miscast (32% risk of failure)!
Continue anyway?
You miscast Iskenderun's Mystic Blast.
You are very lightly contaminated with residual magic.
Nothing appears to happen.
The orc hits you with a +1 hand axe of freezing.
* * * LOW HITPOINT WARNING * * *
The orc freezes you.
* * * LOW HITPOINT WARNING * * *
The orc hits you with a +0 hand axe.
* * * LOW HITPOINT WARNING * * *
Unknown command.
Casting: Iskenderun's Mystic Blast (extremely dangerous; 32% risk of failure)
Confirm with . or Enter, or press ? or * to list all spells.
The spell is extremely dangerous to miscast (32% risk of failure)!
Continue anyway?
You erupt in a blast of force!
The mystic blast hits the orc.
The orc is severely wounded.
The orc is knocked back by the mystic blast.
The mystic blast hits the orc but does no damage.
The orc hits you with a +0 hand axe.
You die...

*,****,*
*,,,~~~* *,*
*,** **,~~~~* ##
*,** *,,*
*,~~~∩* .## *,,*
*#o* ******* ..#
**,* #o# #†# *,*
#o# #.# *,*
#.#*## #.## *,**
#.##.# #..# *,,*
#.#@.# ##.#
*#.*##.o..#
#.### #.*#....##
#...## #.##J.>o#
###†.# #......##
##.#####..#..#
##...#....#..#
##.........)..##
*******
#...........#..#
**,,,,,**


You could see 2 orcs and an endoplasm.

Vanquished Creatures
  Natasha (D:3)
  3 adders
  A worm (D:3)
  2 dart slugs
  4 orcs (D:3)
  4 endoplasms
  A giant cockroach (D:1)
  9 goblins
  2 hobgoblins (D:2)
  5 jackals
  2 kobolds (D:1)
  7 quokkas
  5 ball pythons
  3 bats
  3 frilled lizards
  7 rats
59 creatures vanquished.

Vanquished Creatures (others)
  5 plants (D:2)
5 creatures vanquished.

Grand Total: 64 creatures vanquished

Notes
Turn   | Place    | Note
-------+----------+-------------------------------------------
     0 | D:1      | raistware the Octopode Conjurer began the quest for the
                  | Orb.
     0 | D:1      | Reached XP level 1. HP: 11/11 MP: 3/3
   283 | D:1      | Reached XP level 2. HP: 17/17 MP: 2/5
   498 | D:1      | Found Opothe Wirgh's Assorted Antiques.
   965 | D:1      | Reached XP level 3. HP: 21/21 MP: 4/7
  1162 | D:1      | Bought a purple potion for 18 gold pieces
  1194 | D:2      | Found a faded altar of an unknown god.
  1507 | D:2      | Reached XP level 4. HP: 27/27 MP: 6/9
  1818 | D:2      | Learned a level 4 spell: Iskenderun's Mystic Blast
  1844 | D:2      | Found a glowing golden altar of the Shining One.
  1890 | D:2      | Learned a level 3 spell: Stone Arrow
  2205 | D:3      | Reached skill level 1 in Translocations
  2468 | D:3      | HP: 1/27 [goblin/+0 club (5)]
  2517 | D:3      | Found a runed translucent door.
  2518 | D:3      | Noticed Crazy Yiuf
  2574 | D:3      | Noticed Natasha
  2586 | D:3      | Killed Natasha
  2604 | D:3      | Reached XP level 5. HP: 7/32 MP: 1/11
  2712 | D:3      | Reached skill level 1 in Fighting
  2713 | D:3      | Slain by an orc

Illustrated notes

Levels and vault maps discovered:
D:1:      dpeg_arrival_rhombi, layout_loops_cross, serial_shops,
          nicolae_shop_hallway_plus, minmay_pentomino_o4
D:2:      layout_basic, basic_altar, dreamdust_ecumenical_altar_statues,
          serial_forest, infiniplex_forest_end_3, infiniplex_forest_clump_tiny,
          infiniplex_forest_lined_room_, infiniplex_forest_end_2,
          infiniplex_forest_clump_small, kennysheep_generic_room_7
D:3:      layout_rooms, portal_sewer_entry_b, serial_bayou_pond_d, uniq_natasha,
          uniq_crazy_yiuf_cottage

Skill      XL: |  1  2  3  4  5 |
---------------+----------------+-----
Spellcasting   | 3 4 |  4.0
Translocations | 2 |  2.0
Stealth        | 3 |  3.0
Fighting       | 1 |  1.0
Dodging        | |  2.0
Conjurations   | |  4.0

Action                   |  1- 3 |  4- 6 || total
-------------------------+-------+-------++-------
Melee: Unarmed           |    12 |       ||    12
       Tentacles         |     7 |     7 ||    14
       Constrict         |     4 |     4 ||     8
       Quarterstaff      |     6 |    12 ||    18
       Staff             |       |     9 ||     9
Throw: Dart              |       |     5 ||     5
 Cast: Magic Dart        |    46 |    42 ||    88
       Iskenderun's Myst |       |     3 ||     3
  Use: Scroll            |       |     2 ||     2
 Stab: Sleeping          |     2 |     1 ||     3
Armor: Skin              |     2 |       ||     2
Dodge: Dodged            |    13 |    13 ||    26
